 Dungeon Crawl Stone Soup version 0.30.0-29-ga12c61a403 (webtiles) character file.

Game seed: 7801182308193908663

1439 qw the Cleaver (level 8, 49/49 HPs)
             Began as a Gargoyle Fighter on June 4, 2023.
             Quit the game on level 6 of the Dungeon.
             The game lasted 00:07:18 (5907 turns).

qw the Cleaver (Gargoyle Fighter)                   Turns: 5907, Time: 00:07:19

Health: 49/49      AC: 26    Str: 23    XL:     8   Next: 74%
Magic:  8/8        EV:  3    Int:  8    God:
Gold:   354        SH:  4    Dex:  9    Spells: 7/7 levels left

rFire   . . .        Y - +1 war axe (flame)
rCold   . . .        c - +0 buckler
rNeg    + . .        f - +0 crystal plate armour
rPois   inf          i - +0 helmet
rElec   +            (no cloak)
rCorr   .            b - +0 pair of gloves
SInv    .            (no boots)
Will    .....        n - amulet of regeneration Stlth
                     (no ring)
HPRegen 1.08/turn    (no ring)
MPRegen 0.11/turn

%: no passive effects
@: no status effects
A: sickness immunity, AC +5, negative energy resistance 1, electricity
resistance, torment resistance 1, petrification resistance
a: no special abilities


You were on level 6 of the Dungeon.
You visited 1 branch of the dungeon, and saw 6 of its levels.

You collected 354 gold pieces.


Innate Abilities, Weirdness & Mutations

You are immune to sickness and miasma.
Your stone body is resilient. (AC +5)
You are immune to poison.
You resist negative energy. (rN+)
You are resistant to electric shocks. (rElec)
You are resistant to unholy torment.
You are immune to petrification.


   Skills:
 - Level 5.0 Fighting
 - Level 8.0 Axes
 - Level 1.2 Throwing
 + Level 6.2 Armour
 - Level 3.2 Shields


You had 7 spell levels left.
You didn't know any spells.
Your spell library was empty.

Inventory:

Hand Weapons
 Y - a +1 war axe of flaming (weapon)
Missiles
 k - 5 boomerangs (quivered)
Armour
 b - a +0 pair of gloves (worn)
 c - a +0 buckler (worn)
 f - a +0 crystal plate armour (worn)
 i - a +0 helmet (worn)
Jewellery
 n - an amulet of regeneration (around neck)
Wands
 j - a wand of digging (3)
Scrolls
 a - 4 scrolls of identify
Potions
 d - 3 potions of might
 e - a potion of heal wounds
 g - 3 potions of curing
 h - a potion of haste
 l - 3 potions of mutation
 m - a potion of magic
 o - a potion of resistance

Dungeon Overview and Level Annotations

Branches:
Dungeon (6/15)
 Temple: D:4-7

Altars:
Dithmenos

Annotations:
D:6 1 runed translucent door, qw's ghost, novice GrCA


Message History

5868 ||| Stepping randomly (stuck).
5869 ||| Stepping randomly (stuck).
5870 ||| Stepping randomly (stuck).
5871 ||| Stepping randomly (stuck).
5872 ||| Stepping randomly (stuck).
5873 ||| Stepping randomly (stuck).
5874 ||| Stepping randomly (stuck).
5875 ||| Stepping randomly (stuck).
5876 ||| Stepping randomly (stuck).
5877 ||| Stepping randomly (stuck).
5878 ||| Stepping randomly (stuck).
5879 ||| Stepping randomly (stuck).
5880 ||| Stepping randomly (stuck).
5881 ||| Stepping randomly (stuck).
5882 ||| Stepping randomly (stuck).
5883 ||| Stepping randomly (stuck).
5884 ||| Stepping randomly (stuck).
5885 ||| Stepping randomly (stuck).
5886 ||| Stepping randomly (stuck).
5887 ||| Stepping randomly (stuck).
5888 ||| Stepping randomly (stuck).
5889 ||| Stepping randomly (stuck).
5890 ||| Stepping randomly (stuck).
5891 ||| Stepping randomly (stuck).
5892 ||| Stepping randomly (stuck).
5893 ||| Stepping randomly (stuck).
5894 ||| Stepping randomly (stuck).
5895 ||| Stepping randomly (stuck).
5896 ||| Stepping randomly (stuck).
5897 ||| Stepping randomly (stuck).
5898 ||| Stepping randomly (stuck).
5899 ||| Stepping randomly (stuck).
5900 ||| Stepping randomly (stuck).
5901 ||| Stepping randomly (stuck).
5902 ||| Stepping randomly (stuck).
5903 ||| Stepping randomly (stuck).
5904 ||| Stepping randomly (stuck).
5905 ||| Stepping randomly (stuck).
5906 ||| Stepping randomly (stuck).
Are you sure you want to abandon this character and quit the game? (Confirm with "yes".)

#..##
#.........
#...#
#.........
#...##
#.........
#....#
#.........
##..#.##
#.........
#..##..##
#....#....
#..###..#
#...###...
#### #..##
##..## #...
##.@##
##..## #...
##..####.###
##..
#...#..##
#.. ##....##
##. #...##
## ##.##
#..# ##.##
#..#


There were no monsters in sight!

Vanquished Creatures
  A steam dragon (D:6)
  Menkaure (D:5)
  Pargi (D:3)
  2 bullfrogs (D:5)
  2 scorpions
  6 wights (D:6)
  A howler monkey (D:4)
  A jelly (D:4)
  2 hounds (D:5)
  2 iguanas (D:4)
  Ijyb (D:3)
  4 orc wizards
  Robin (D:3)
  8 adders
  3 dart slugs
  2 worms
  15 orcs
  10 bats
  8 endoplasms
  8 giant cockroaches
  9 hobgoblins
  5 kobolds
  4 quokkas
  5 ball pythons
  8 frilled lizards
  18 goblins
  9 rats
137 creatures vanquished.

Notes
Turn   | Place    | Note
-------+----------+-------------------------------------------
     0 | D:1      | qw the Gargoyle Fighter began the quest for the Orb.
     0 | D:1      | Reached XP level 1. HP: 14/14 MP: 1/1
     0 | D:1      | 0 ||| qw: Version: 0.2-a-106-g05974ce
     0 | D:1      | 0 ||| qw: Game counter: 1166
     0 | D:1      | 0 ||| qw: Always use a shield: true
     0 | D:1      | 0 ||| qw: God list: Okawaru
     0 | D:1      | 0 ||| qw: Allow faded altars: false
     0 | D:1      | 0 ||| qw: Do Orc after D:15 true
     0 | D:1      | 0 ||| qw: Do second Lair branch before Depths: true
     0 | D:1      | 0 ||| qw: Lair rune preference: random
     0 | D:1      | 0 ||| qw: Plans: Normal, Zot:1-4, Slime:5, God:TSO, Crypt,
                  | Tomb, Abyss, Pan, Hells, Win
     0 | D:1      | 0 ||| PLANNING D:1-11
    27 | D:1      | 27 ||| Stepping ~*~*~tactically~*~*~ (hiding).
    36 | D:1      | Reached skill level 2 in Axes
    49 | D:1      | 49 ||| Stepping ~*~*~tactically~*~*~ (stealth).
    61 | D:1      | HP: 1/14 [frozen (4)]
    63 | D:1      | Reached XP level 2. HP: 1/19 MP: 2/2
   193 | D:1      | 193 ||| Stepping ~*~*~tactically~*~*~ (hiding).
   229 | D:1      | 229 ||| FLEEEEING.
   230 | D:1      | 230 ||| FLEEEEING.
   231 | D:1      | 231 ||| FLEEEEING.
   232 | D:1      | 232 ||| FLEEEEING.
   233 | D:1      | 233 ||| FLEEEEING.
   234 | D:1      | 234 ||| FLEEEEING.
   239 | D:1      | 239 ||| Stepping ~*~*~tactically~*~*~ (stealth).
   395 | D:1      | Reached skill level 3 in Axes
   395 | D:1      | 395 ||| READING scroll labelled VAQOASIMNOGG.
   396 | D:1      | 396 ||| READING scroll labelled GAKLONK ECRAG.
   401 | D:1      | 401 ||| Stepping ~*~*~tactically~*~*~ (stealth).
   408 | D:1      | Reached XP level 3. HP: 23/23 MP: 3/3
   544 | D:1      | 544 ||| DROPPING +0 club.
   740 | D:1      | 740 ||| READING 3 scrolls labelled KOOSO VEFEYTEAXI.
   741 | D:1      | 741 ||| READING scroll labelled XIAGOGGOSUFF.
   742 | D:1      | 742 ||| READING scroll labelled BOPREKH KAEVAR.
   743 | D:1      | 743 ||| DROPPING +0 whip.
   744 | D:1      | 744 ||| READING scroll labelled SATWUNUEST.
   744 | D:1      | Identified a scroll of acquirement
   744 | D:1      | 744 ||| ACQUIRING +0 crystal plate armour
   744 | D:1      | Acquired a +0 crystal plate armour
   746 | D:1      | 746 ||| UPGRADING to +0 crystal plate armour.
   756 | D:1      | 756 ||| DROPPING +0 scale mail.
   757 | D:1      | 757 ||| READING 2 scrolls of identify.
   757 | D:1      | 757 ||| IDENTIFYING lumpy yellow potion
   758 | D:1      | 758 ||| DROPPING potion of flight.
  1099 | D:2      | Reached XP level 4. HP: 28/28 MP: 4/4
  1113 | D:2      | 1113 ||| Stepping ~*~*~tactically~*~*~ (hiding).
  1283 | D:2      | Reached skill level 4 in Axes
  1463 | D:2      | Found a faded altar of an unknown god.
  1672 | D:2      | 1672 ||| READING scroll labelled JIADAE QO FES.
  1673 | D:2      | 1673 ||| READING scroll labelled LIMPOL CAOCUN.
  1674 | D:2      | 1674 ||| READING scroll labelled KINO ZYGIGIXT.
  1675 | D:2      | 1675 ||| READING 3 scrolls of identify.
  1675 | D:2      | 1675 ||| IDENTIFYING golden potion
  1676 | D:2      | 1676 ||| READING 2 scrolls of identify.
  1676 | D:2      | 1676 ||| IDENTIFYING viscous orange potion
  1677 | D:2      | 1677 ||| DROPPING potion of degeneration.
  1716 | D:3      | Found a shadowy altar of Dithmenos.
  1868 | D:3      | Noticed Robin
  1880 | D:3      | 1880 ||| FLEEEEING.
  1881 | D:3      | 1881 ||| FLEEEEING.
  1882 | D:3      | 1882 ||| FLEEEEING.
  1883 | D:3      | 1883 ||| FLEEEEING.
  1884 | D:3      | 1884 ||| FLEEEEING.
  1885 | D:3      | 1885 ||| FLEEEEING.
  1918 | D:3      | Noticed Pargi
  1932 | D:3      | Killed Pargi
  1933 | D:3      | Reached skill level 5 in Axes
  1933 | D:3      | Reached XP level 5. HP: 15/32 MP: 5/5
  2079 | D:3      | Noticed Ijyb
  2088 | D:3      | Killed Ijyb
  2090 | D:3      | Killed Robin
  2091 | D:3      | Reached XP level 6. HP: 34/37 MP: 6/6
  2479 | D:3      | 2479 ||| UPGRADING to +0 helmet.
  2484 | D:3      | 2484 ||| READING scroll labelled RACUAWAECO.
  2485 | D:3      | 2485 ||| READING scroll labelled ITHRES TIONOONK.
  2486 | D:3      | 2486 ||| READING 5 scrolls of identify.
  2486 | D:3      | 2486 ||| IDENTIFYING fizzy puce potion
  2487 | D:3      | 2487 ||| READING 4 scrolls of identify.
  2487 | D:3      | 2487 ||| IDENTIFYING coppery potion
  2585 | D:4      | 2585 ||| Stepping ~*~*~tactically~*~*~ (stealth).
  2586 | D:4      | 2586 ||| Stepping ~*~*~tactically~*~*~ (stealth).
  2588 | D:4      | 2588 ||| Stepping ~*~*~tactically~*~*~ (hiding).
  2589 | D:4      | 2589 ||| Stepping ~*~*~tactically~*~*~ (hiding).
  2590 | D:4      | 2590 ||| Stepping ~*~*~tactically~*~*~ (hiding).
  3106 | D:4      | 3106 ||| Stepping ~*~*~tactically~*~*~ (stealth).
  3316 | D:4      | 3316 ||| UPGRADING to +0 pair of gloves.
  3321 | D:4      | 3321 ||| READING 5 scrolls of identify.
  3321 | D:4      | 3321 ||| IDENTIFYING grey potion
  3514 | D:5      | Entered Level 5 of the Dungeon
  3516 | D:5      | 3516 ||| Stepping ~*~*~tactically~*~*~ (hiding).
  3517 | D:5      | 3517 ||| Stepping ~*~*~tactically~*~*~ (hiding).
  3520 | D:5      | Reached XP level 7. HP: 43/43 MP: 7/7
  3528 | D:5      | 3528 ||| FLEEEEING.
  3529 | D:5      | 3529 ||| STAIRDANCE
  3546 | D:4      | 3546 ||| STAIRDANCE
  3636 | D:5      | Reached skill level 6 in Axes
  3719 | D:5      | 3719 ||| Stepping ~*~*~tactically~*~*~ (stealth).
  3783 | D:5      | Noticed Menkaure
  3784 | D:5      | 3784 ||| Stepping ~*~*~tactically~*~*~ (hiding).
  3790 | D:5      | Killed Menkaure
  3791 | D:5      | Reached skill level 6 in Armour
  3861 | D:5      | Reached XP level 8. HP: 48/48 MP: 8/8
  4140 | D:5      | 4140 ||| UPGRADING to amulet of regeneration.
  4145 | D:5      | 4145 ||| READING 3 scrolls labelled NUECZE XUFAOCH.
  4150 | D:5      | 4150 ||| READING 4 scrolls of identify.
  4150 | D:5      | 4150 ||| IDENTIFYING viscous pink potion
  4151 | D:5      | 4151 ||| READING 3 scrolls of identify.
  4151 | D:5      | 4151 ||| IDENTIFYING viscous cyan potion
  4156 | D:6      | 4156 ||| PLANNING SEWER
  4157 | D:6      | 4157 ||| Stepping ~*~*~tactically~*~*~ (cloud).
  4162 | D:6      | Reached skill level 7 in Axes
  4178 | D:6      | 4178 ||| Stepping ~*~*~tactically~*~*~ (hiding).
  4189 | D:6      | 4189 ||| FLEEEEING.
  4190 | D:6      | 4190 ||| FLEEEEING.
  4191 | D:6      | 4191 ||| FLEEEEING.
  4192 | D:6      | 4192 ||| FLEEEEING.
  4193 | D:6      | 4193 ||| FLEEEEING.
  4194 | D:6      | 4194 ||| FLEEEEING.
  4195 | D:6      | 4195 ||| FLEEEEING.
  4196 | D:6      | 4196 ||| FLEEEEING.
  4197 | D:6      | 4197 ||| FLEEEEING.
  4198 | D:6      | 4198 ||| FLEEEEING.
  4199 | D:6      | 4199 ||| FLEEEEING.
  4207 | D:6      | 4207 ||| STAIRDANCE
  4257 | D:6      | Reached skill level 1 in Throwing
  4433 | D:6      | 4433 ||| Stepping ~*~*~tactically~*~*~ (stealth).
  4516 | D:6      | Found a runed translucent door.
  4517 | D:6      | Noticed qw's ghost (novice GrCA)
  4640 | D:6      | 4640 ||| Stepping ~*~*~tactically~*~*~ (stealth).
  4773 | D:6      | Reached skill level 8 in Axes
  4786 | D:6      | Found a glowing drain.
  4788 | D:6      | 4788 ||| DROPPING ring of flight.
  4797 | D:6      | 4797 ||| READING scroll labelled FIANWINULL.
  4898 | D:6      | 4898 ||| Stepping randomly (stuck).
  4899 | D:6      | 4899 ||| Stepping randomly (stuck).
  4900 | D:6      | 4900 ||| Stepping randomly (stuck).
  4901 | D:6      | 4901 ||| Stepping randomly (stuck).
  4902 | D:6      | 4902 ||| Stepping randomly (stuck).
  4903 | D:6      | 4903 ||| Stepping randomly (stuck).
  4904 | D:6      | 4904 ||| Stepping randomly (stuck).
  4905 | D:6      | 4905 ||| Stepping randomly (stuck).
  4906 | D:6      | 4906 ||| Stepping randomly (stuck).
  4907 | D:6      | 4907 ||| Stepping randomly (stuck).
  4908 | D:6      | 4908 ||| Stepping randomly (stuck).
  4909 | D:6      | 4909 ||| Stepping randomly (stuck).
  4910 | D:6      | 4910 ||| Stepping randomly (stuck).
  4911 | D:6      | 4911 ||| Stepping randomly (stuck).
  4912 | D:6      | 4912 ||| Stepping randomly (stuck).
  4913 | D:6      | 4913 ||| Stepping randomly (stuck).
  4914 | D:6      | 4914 ||| Stepping randomly (stuck).
  4915 | D:6      | 4915 ||| Stepping randomly (stuck).
  4916 | D:6      | 4916 ||| Stepping randomly (stuck).
  4917 | D:6      | 4917 ||| Stepping randomly (stuck).
  4918 | D:6      | 4918 ||| Stepping randomly (stuck).
  4919 | D:6      | 4919 ||| Stepping randomly (stuck).
  4920 | D:6      | 4920 ||| Stepping randomly (stuck).
  4921 | D:6      | 4921 ||| Stepping randomly (stuck).
  4922 | D:6      | 4922 ||| Stepping randomly (stuck).
  4923 | D:6      | 4923 ||| Stepping randomly (stuck).
  4924 | D:6      | 4924 ||| Stepping randomly (stuck).
  4925 | D:6      | 4925 ||| Stepping randomly (stuck).
  4926 | D:6      | 4926 ||| Stepping randomly (stuck).
  4927 | D:6      | 4927 ||| Stepping randomly (stuck).
  4928 | D:6      | 4928 ||| Stepping randomly (stuck).
  4929 | D:6      | 4929 ||| Stepping randomly (stuck).
  4930 | D:6      | 4930 ||| Stepping randomly (stuck).
  4931 | D:6      | 4931 ||| Stepping randomly (stuck).
  4932 | D:6      | 4932 ||| Stepping randomly (stuck).
  4933 | D:6      | 4933 ||| Stepping randomly (stuck).
  4934 | D:6      | 4934 ||| Stepping randomly (stuck).
  4935 | D:6      | 4935 ||| Stepping randomly (stuck).
  4936 | D:6      | 4936 ||| Stepping randomly (stuck).
  4937 | D:6      | 4937 ||| Stepping randomly (stuck).
  4938 | D:6      | 4938 ||| Stepping randomly (stuck).
  4939 | D:6      | 4939 ||| Stepping randomly (stuck).
  4940 | D:6      | 4940 ||| Stepping randomly (stuck).
  4941 | D:6      | 4941 ||| Stepping randomly (stuck).
  4942 | D:6      | 4942 ||| Stepping randomly (stuck).
  4943 | D:6      | 4943 ||| Stepping randomly (stuck).
  4944 | D:6      | 4944 ||| Stepping randomly (stuck).
  4945 | D:6      | 4945 ||| Stepping randomly (stuck).
  4946 | D:6      | 4946 ||| Stepping randomly (stuck).
  4947 | D:6      | 4947 ||| Stepping randomly (stuck).
  4948 | D:6      | 4948 ||| Stepping randomly (stuck).
  4949 | D:6      | 4949 ||| READING 2 scrolls of teleportation.
  4954 | D:6      | 4954 ||| READING scroll of teleportation.
  4957 | D:6      | 4957 ||| Stepping randomly (stuck).
  4958 | D:6      | 4958 ||| Stepping randomly (stuck).
  4959 | D:6      | 4959 ||| Stepping randomly (stuck).
  4960 | D:6      | 4960 ||| Stepping randomly (stuck).
  4961 | D:6      | 4961 ||| Stepping randomly (stuck).
  4962 | D:6      | 4962 ||| Stepping randomly (stuck).
  4963 | D:6      | 4963 ||| Stepping randomly (stuck).
  4964 | D:6      | 4964 ||| Stepping randomly (stuck).
  4965 | D:6      | 4965 ||| Stepping randomly (stuck).
  4966 | D:6      | 4966 ||| Stepping randomly (stuck).
  4967 | D:6      | 4967 ||| Stepping randomly (stuck).
  4968 | D:6      | 4968 ||| Stepping randomly (stuck).
  4969 | D:6      | 4969 ||| Stepping randomly (stuck).
  4970 | D:6      | 4970 ||| Stepping randomly (stuck).
  4971 | D:6      | 4971 ||| Stepping randomly (stuck).
  4972 | D:6      | 4972 ||| Stepping randomly (stuck).
  4973 | D:6      | 4973 ||| Stepping randomly (stuck).
  4974 | D:6      | 4974 ||| Stepping randomly (stuck).
  4975 | D:6      | 4975 ||| Stepping randomly (stuck).
  4976 | D:6      | 4976 ||| Stepping randomly (stuck).
  4977 | D:6      | 4977 ||| Stepping randomly (stuck).
  4978 | D:6      | 4978 ||| Stepping randomly (stuck).
  4979 | D:6      | 4979 ||| Stepping randomly (stuck).
  4980 | D:6      | 4980 ||| Stepping randomly (stuck).
  4981 | D:6      | 4981 ||| Stepping randomly (stuck).
  4982 | D:6      | 4982 ||| Stepping randomly (stuck).
  4983 | D:6      | 4983 ||| Stepping randomly (stuck).
  4984 | D:6      | 4984 ||| Stepping randomly (stuck).
  4985 | D:6      | 4985 ||| Stepping randomly (stuck).
  4986 | D:6      | 4986 ||| Stepping randomly (stuck).
  4987 | D:6      | 4987 ||| Stepping randomly (stuck).
  4988 | D:6      | 4988 ||| Stepping randomly (stuck).
  4989 | D:6      | 4989 ||| Stepping randomly (stuck).
  4990 | D:6      | 4990 ||| Stepping randomly (stuck).
  4991 | D:6      | 4991 ||| Stepping randomly (stuck).
  4992 | D:6      | 4992 ||| Stepping randomly (stuck).
  4993 | D:6      | 4993 ||| Stepping randomly (stuck).
  4994 | D:6      | 4994 ||| Stepping randomly (stuck).
  4995 | D:6      | 4995 ||| Stepping randomly (stuck).
  4996 | D:6      | 4996 ||| Stepping randomly (stuck).
  4997 | D:6      | 4997 ||| Stepping randomly (stuck).
  4998 | D:6      | 4998 ||| Stepping randomly (stuck).
  4999 | D:6      | 4999 ||| Stepping randomly (stuck).
  5000 | D:6      | 5000 ||| Stepping randomly (stuck).
  5001 | D:6      | 5001 ||| Stepping randomly (stuck).
  5002 | D:6      | 5002 ||| Stepping randomly (stuck).
  5003 | D:6      | 5003 ||| Stepping randomly (stuck).
  5004 | D:6      | 5004 ||| Stepping randomly (stuck).
  5005 | D:6      | 5005 ||| Stepping randomly (stuck).
  5006 | D:6      | 5006 ||| Stepping randomly (stuck).
  5007 | D:6      | 5007 ||| Stepping randomly (stuck).
  5008 | D:6      | 5008 ||| Stepping randomly (stuck).
  5009 | D:6      | 5009 ||| Stepping randomly (stuck).
  5010 | D:6      | 5010 ||| Stepping randomly (stuck).
  5011 | D:6      | 5011 ||| Stepping randomly (stuck).
  5012 | D:6      | 5012 ||| Stepping randomly (stuck).
  5013 | D:6      | 5013 ||| Stepping randomly (stuck).
  5014 | D:6      | 5014 ||| Stepping randomly (stuck).
  5015 | D:6      | 5015 ||| Stepping randomly (stuck).
  5016 | D:6      | 5016 ||| Stepping randomly (stuck).
  5017 | D:6      | 5017 ||| Stepping randomly (stuck).
  5018 | D:6      | 5018 ||| Stepping randomly (stuck).
  5019 | D:6      | 5019 ||| Stepping randomly (stuck).
  5020 | D:6      | 5020 ||| Stepping randomly (stuck).
  5021 | D:6      | 5021 ||| Stepping randomly (stuck).
  5022 | D:6      | 5022 ||| Stepping randomly (stuck).
  5023 | D:6      | 5023 ||| Stepping randomly (stuck).
  5024 | D:6      | 5024 ||| Stepping randomly (stuck).
  5025 | D:6      | 5025 ||| Stepping randomly (stuck).
  5026 | D:6      | 5026 ||| Stepping randomly (stuck).
  5027 | D:6      | 5027 ||| Stepping randomly (stuck).
  5028 | D:6      | 5028 ||| Stepping randomly (stuck).
  5029 | D:6      | 5029 ||| Stepping randomly (stuck).
  5030 | D:6      | 5030 ||| Stepping randomly (stuck).
  5031 | D:6      | 5031 ||| Stepping randomly (stuck).
  5032 | D:6      | 5032 ||| Stepping randomly (stuck).
  5033 | D:6      | 5033 ||| Stepping randomly (stuck).
  5034 | D:6      | 5034 ||| Stepping randomly (stuck).
  5035 | D:6      | 5035 ||| Stepping randomly (stuck).
  5036 | D:6      | 5036 ||| Stepping randomly (stuck).
  5037 | D:6      | 5037 ||| Stepping randomly (stuck).
  5038 | D:6      | 5038 ||| Stepping randomly (stuck).
  5039 | D:6      | 5039 ||| Stepping randomly (stuck).
  5040 | D:6      | 5040 ||| Stepping randomly (stuck).
  5041 | D:6      | 5041 ||| Stepping randomly (stuck).
  5042 | D:6      | 5042 ||| Stepping randomly (stuck).
  5043 | D:6      | 5043 ||| Stepping randomly (stuck).
  5044 | D:6      | 5044 ||| Stepping randomly (stuck).
  5045 | D:6      | 5045 ||| Stepping randomly (stuck).
  5046 | D:6      | 5046 ||| Stepping randomly (stuck).
  5047 | D:6      | 5047 ||| Stepping randomly (stuck).
  5048 | D:6      | 5048 ||| Stepping randomly (stuck).
  5049 | D:6      | 5049 ||| Stepping randomly (stuck).
  5050 | D:6      | 5050 ||| Stepping randomly (stuck).
  5051 | D:6      | 5051 ||| Stepping randomly (stuck).
  5052 | D:6      | 5052 ||| Stepping randomly (stuck).
  5053 | D:6      | 5053 ||| Stepping randomly (stuck).
  5054 | D:6      | 5054 ||| Stepping randomly (stuck).
  5055 | D:6      | 5055 ||| Stepping randomly (stuck).
  5056 | D:6      | 5056 ||| Stepping randomly (stuck).
  5057 | D:6      | 5057 ||| Stepping randomly (stuck).
  5058 | D:6      | 5058 ||| Stepping randomly (stuck).
  5059 | D:6      | 5059 ||| Stepping randomly (stuck).
  5060 | D:6      | 5060 ||| Stepping randomly (stuck).
  5061 | D:6      | 5061 ||| Stepping randomly (stuck).
  5062 | D:6      | 5062 ||| Stepping randomly (stuck).
  5063 | D:6      | 5063 ||| Stepping randomly (stuck).
  5064 | D:6      | 5064 ||| Stepping randomly (stuck).
  5065 | D:6      | 5065 ||| Stepping randomly (stuck).
  5066 | D:6      | 5066 ||| Stepping randomly (stuck).
  5067 | D:6      | 5067 ||| Stepping randomly (stuck).
  5068 | D:6      | 5068 ||| Stepping randomly (stuck).
  5069 | D:6      | 5069 ||| Stepping randomly (stuck).
  5070 | D:6      | 5070 ||| Stepping randomly (stuck).
  5071 | D:6      | 5071 ||| Stepping randomly (stuck).
  5072 | D:6      | 5072 ||| Stepping randomly (stuck).
  5073 | D:6      | 5073 ||| Stepping randomly (stuck).
  5074 | D:6      | 5074 ||| Stepping randomly (stuck).
  5075 | D:6      | 5075 ||| Stepping randomly (stuck).
  5076 | D:6      | 5076 ||| Stepping randomly (stuck).
  5077 | D:6      | 5077 ||| Stepping randomly (stuck).
  5078 | D:6      | 5078 ||| Stepping randomly (stuck).
  5079 | D:6      | 5079 ||| Stepping randomly (stuck).
  5080 | D:6      | 5080 ||| Stepping randomly (stuck).
  5081 | D:6      | 5081 ||| Stepping randomly (stuck).
  5082 | D:6      | 5082 ||| Stepping randomly (stuck).
  5083 | D:6      | 5083 ||| Stepping randomly (stuck).
  5084 | D:6      | 5084 ||| Stepping randomly (stuck).
  5085 | D:6      | 5085 ||| Stepping randomly (stuck).
  5086 | D:6      | 5086 ||| Stepping randomly (stuck).
  5087 | D:6      | 5087 ||| Stepping randomly (stuck).
  5088 | D:6      | 5088 ||| Stepping randomly (stuck).
  5089 | D:6      | 5089 ||| Stepping randomly (stuck).
  5090 | D:6      | 5090 ||| Stepping randomly (stuck).
  5091 | D:6      | 5091 ||| Stepping randomly (stuck).
  5092 | D:6      | 5092 ||| Stepping randomly (stuck).
  5093 | D:6      | 5093 ||| Stepping randomly (stuck).
  5094 | D:6      | 5094 ||| Stepping randomly (stuck).
  5095 | D:6      | 5095 ||| Stepping randomly (stuck).
  5096 | D:6      | 5096 ||| Stepping randomly (stuck).
  5097 | D:6      | 5097 ||| Stepping randomly (stuck).
  5098 | D:6      | 5098 ||| Stepping randomly (stuck).
  5099 | D:6      | 5099 ||| Stepping randomly (stuck).
  5100 | D:6      | 5100 ||| Stepping randomly (stuck).
  5101 | D:6      | 5101 ||| Stepping randomly (stuck).
  5102 | D:6      | 5102 ||| Stepping randomly (stuck).
  5103 | D:6      | 5103 ||| Stepping randomly (stuck).
  5104 | D:6      | 5104 ||| Stepping randomly (stuck).
  5105 | D:6      | 5105 ||| Stepping randomly (stuck).
  5106 | D:6      | 5106 ||| Stepping randomly (stuck).
  5107 | D:6      | 5107 ||| Stepping randomly (stuck).
  5108 | D:6      | 5108 ||| Stepping randomly (stuck).
  5109 | D:6      | 5109 ||| Stepping randomly (stuck).
  5110 | D:6      | 5110 ||| Stepping randomly (stuck).
  5111 | D:6      | 5111 ||| Stepping randomly (stuck).
  5112 | D:6      | 5112 ||| Stepping randomly (stuck).
  5113 | D:6      | 5113 ||| Stepping randomly (stuck).
  5114 | D:6      | 5114 ||| Stepping randomly (stuck).
  5115 | D:6      | 5115 ||| Stepping randomly (stuck).
  5116 | D:6      | 5116 ||| Stepping randomly (stuck).
  5117 | D:6      | 5117 ||| Stepping randomly (stuck).
  5118 | D:6      | 5118 ||| Stepping randomly (stuck).
  5119 | D:6      | 5119 ||| Stepping randomly (stuck).
  5120 | D:6      | 5120 ||| Stepping randomly (stuck).
  5121 | D:6      | 5121 ||| Stepping randomly (stuck).
  5122 | D:6      | 5122 ||| Stepping randomly (stuck).
  5123 | D:6      | 5123 ||| Stepping randomly (stuck).
  5124 | D:6      | 5124 ||| Stepping randomly (stuck).
  5125 | D:6      | 5125 ||| Stepping randomly (stuck).
  5126 | D:6      | 5126 ||| Stepping randomly (stuck).
  5127 | D:6      | 5127 ||| Stepping randomly (stuck).
  5128 | D:6      | 5128 ||| Stepping randomly (stuck).
  5129 | D:6      | 5129 ||| Stepping randomly (stuck).
  5130 | D:6      | 5130 ||| Stepping randomly (stuck).
  5131 | D:6      | 5131 ||| Stepping randomly (stuck).
  5132 | D:6      | 5132 ||| Stepping randomly (stuck).
  5133 | D:6      | 5133 ||| Stepping randomly (stuck).
  5134 | D:6      | 5134 ||| Stepping randomly (stuck).
  5135 | D:6      | 5135 ||| Stepping randomly (stuck).
  5136 | D:6      | 5136 ||| Stepping randomly (stuck).
  5137 | D:6      | 5137 ||| Stepping randomly (stuck).
  5138 | D:6      | 5138 ||| Stepping randomly (stuck).
  5139 | D:6      | 5139 ||| Stepping randomly (stuck).
  5140 | D:6      | 5140 ||| Stepping randomly (stuck).
  5141 | D:6      | 5141 ||| Stepping randomly (stuck).
  5142 | D:6      | 5142 ||| Stepping randomly (stuck).
  5143 | D:6      | 5143 ||| Stepping randomly (stuck).
  5144 | D:6      | 5144 ||| Stepping randomly (stuck).
  5145 | D:6      | 5145 ||| Stepping randomly (stuck).
  5146 | D:6      | 5146 ||| Stepping randomly (stuck).
  5147 | D:6      | 5147 ||| Stepping randomly (stuck).
  5148 | D:6      | 5148 ||| Stepping randomly (stuck).
  5149 | D:6      | 5149 ||| Stepping randomly (stuck).
  5150 | D:6      | 5150 ||| Stepping randomly (stuck).
  5151 | D:6      | 5151 ||| Stepping randomly (stuck).
  5152 | D:6      | 5152 ||| Stepping randomly (stuck).
  5153 | D:6      | 5153 ||| Stepping randomly (stuck).
  5154 | D:6      | 5154 ||| Stepping randomly (stuck).
  5155 | D:6      | 5155 ||| Stepping randomly (stuck).
  5156 | D:6      | 5156 ||| Stepping randomly (stuck).
  5157 | D:6      | 5157 ||| Stepping randomly (stuck).
  5158 | D:6      | 5158 ||| Stepping randomly (stuck).
  5159 | D:6      | 5159 ||| Stepping randomly (stuck).
  5160 | D:6      | 5160 ||| Stepping randomly (stuck).
  5161 | D:6      | 5161 ||| Stepping randomly (stuck).
  5162 | D:6      | 5162 ||| Stepping randomly (stuck).
  5163 | D:6      | 5163 ||| Stepping randomly (stuck).
  5164 | D:6      | 5164 ||| Stepping randomly (stuck).
  5165 | D:6      | 5165 ||| Stepping randomly (stuck).
  5166 | D:6      | 5166 ||| Stepping randomly (stuck).
  5167 | D:6      | 5167 ||| Stepping randomly (stuck).
  5168 | D:6      | 5168 ||| Stepping randomly (stuck).
  5169 | D:6      | 5169 ||| Stepping randomly (stuck).
  5170 | D:6      | 5170 ||| Stepping randomly (stuck).
  5171 | D:6      | 5171 ||| Stepping randomly (stuck).
  5172 | D:6      | 5172 ||| Stepping randomly (stuck).
  5173 | D:6      | 5173 ||| Stepping randomly (stuck).
  5174 | D:6      | 5174 ||| Stepping randomly (stuck).
  5175 | D:6      | 5175 ||| Stepping randomly (stuck).
  5176 | D:6      | 5176 ||| Stepping randomly (stuck).
  5177 | D:6      | 5177 ||| Stepping randomly (stuck).
  5178 | D:6      | 5178 ||| Stepping randomly (stuck).
  5179 | D:6      | 5179 ||| Stepping randomly (stuck).
  5180 | D:6      | 5180 ||| Stepping randomly (stuck).
  5181 | D:6      | 5181 ||| Stepping randomly (stuck).
  5182 | D:6      | 5182 ||| Stepping randomly (stuck).
  5183 | D:6      | 5183 ||| Stepping randomly (stuck).
  5184 | D:6      | 5184 ||| Stepping randomly (stuck).
  5185 | D:6      | 5185 ||| Stepping randomly (stuck).
  5186 | D:6      | 5186 ||| Stepping randomly (stuck).
  5187 | D:6      | 5187 ||| Stepping randomly (stuck).
  5188 | D:6      | 5188 ||| Stepping randomly (stuck).
  5189 | D:6      | 5189 ||| Stepping randomly (stuck).
  5190 | D:6      | 5190 ||| Stepping randomly (stuck).
  5191 | D:6      | 5191 ||| Stepping randomly (stuck).
  5192 | D:6      | 5192 ||| Stepping randomly (stuck).
  5193 | D:6      | 5193 ||| Stepping randomly (stuck).
  5194 | D:6      | 5194 ||| Stepping randomly (stuck).
  5195 | D:6      | 5195 ||| Stepping randomly (stuck).
  5196 | D:6      | 5196 ||| Stepping randomly (stuck).
  5197 | D:6      | 5197 ||| Stepping randomly (stuck).
  5198 | D:6      | 5198 ||| Stepping randomly (stuck).
  5199 | D:6      | 5199 ||| Stepping randomly (stuck).
  5200 | D:6      | 5200 ||| Stepping randomly (stuck).
  5201 | D:6      | 5201 ||| Stepping randomly (stuck).
  5202 | D:6      | 5202 ||| Stepping randomly (stuck).
  5203 | D:6      | 5203 ||| Stepping randomly (stuck).
  5204 | D:6      | 5204 ||| Stepping randomly (stuck).
  5205 | D:6      | 5205 ||| Stepping randomly (stuck).
  5206 | D:6      | 5206 ||| Stepping randomly (stuck).
  5207 | D:6      | 5207 ||| Stepping randomly (stuck).
  5208 | D:6      | 5208 ||| Stepping randomly (stuck).
  5209 | D:6      | 5209 ||| Stepping randomly (stuck).
  5210 | D:6      | 5210 ||| Stepping randomly (stuck).
  5211 | D:6      | 5211 ||| Stepping randomly (stuck).
  5212 | D:6      | 5212 ||| Stepping randomly (stuck).
  5213 | D:6      | 5213 ||| Stepping randomly (stuck).
  5214 | D:6      | 5214 ||| Stepping randomly (stuck).
  5215 | D:6      | 5215 ||| Stepping randomly (stuck).
  5216 | D:6      | 5216 ||| Stepping randomly (stuck).
  5217 | D:6      | 5217 ||| Stepping randomly (stuck).
  5218 | D:6      | 5218 ||| Stepping randomly (stuck).
  5219 | D:6      | 5219 ||| Stepping randomly (stuck).
  5220 | D:6      | 5220 ||| Stepping randomly (stuck).
  5221 | D:6      | 5221 ||| Stepping randomly (stuck).
  5222 | D:6      | 5222 ||| Stepping randomly (stuck).
  5223 | D:6      | 5223 ||| Stepping randomly (stuck).
  5224 | D:6      | 5224 ||| Stepping randomly (stuck).
  5225 | D:6      | 5225 ||| Stepping randomly (stuck).
  5226 | D:6      | 5226 ||| Stepping randomly (stuck).
  5227 | D:6      | 5227 ||| Stepping randomly (stuck).
  5228 | D:6      | 5228 ||| Stepping randomly (stuck).
  5229 | D:6      | 5229 ||| Stepping randomly (stuck).
  5230 | D:6      | 5230 ||| Stepping randomly (stuck).
  5231 | D:6      | 5231 ||| Stepping randomly (stuck).
  5232 | D:6      | 5232 ||| Stepping randomly (stuck).
  5233 | D:6      | 5233 ||| Stepping randomly (stuck).
  5234 | D:6      | 5234 ||| Stepping randomly (stuck).
  5235 | D:6      | 5235 ||| Stepping randomly (stuck).
  5236 | D:6      | 5236 ||| Stepping randomly (stuck).
  5237 | D:6      | 5237 ||| Stepping randomly (stuck).
  5238 | D:6      | 5238 ||| Stepping randomly (stuck).
  5239 | D:6      | 5239 ||| Stepping randomly (stuck).
  5240 | D:6      | 5240 ||| Stepping randomly (stuck).
  5241 | D:6      | 5241 ||| Stepping randomly (stuck).
  5242 | D:6      | 5242 ||| Stepping randomly (stuck).
  5243 | D:6      | 5243 ||| Stepping randomly (stuck).
  5244 | D:6      | 5244 ||| Stepping randomly (stuck).
  5245 | D:6      | 5245 ||| Stepping randomly (stuck).
  5246 | D:6      | 5246 ||| Stepping randomly (stuck).
  5247 | D:6      | 5247 ||| Stepping randomly (stuck).
  5248 | D:6      | 5248 ||| Stepping randomly (stuck).
  5249 | D:6      | 5249 ||| Stepping randomly (stuck).
  5250 | D:6      | 5250 ||| Stepping randomly (stuck).
  5251 | D:6      | 5251 ||| Stepping randomly (stuck).
  5252 | D:6      | 5252 ||| Stepping randomly (stuck).
  5253 | D:6      | 5253 ||| Stepping randomly (stuck).
  5254 | D:6      | 5254 ||| Stepping randomly (stuck).
  5255 | D:6      | 5255 ||| Stepping randomly (stuck).
  5256 | D:6      | 5256 ||| Stepping randomly (stuck).
  5257 | D:6      | 5257 ||| Stepping randomly (stuck).
  5258 | D:6      | 5258 ||| Stepping randomly (stuck).
  5259 | D:6      | 5259 ||| Stepping randomly (stuck).
  5260 | D:6      | 5260 ||| Stepping randomly (stuck).
  5261 | D:6      | 5261 ||| Stepping randomly (stuck).
  5262 | D:6      | 5262 ||| Stepping randomly (stuck).
  5263 | D:6      | 5263 ||| Stepping randomly (stuck).
  5264 | D:6      | 5264 ||| Stepping randomly (stuck).
  5265 | D:6      | 5265 ||| Stepping randomly (stuck).
  5266 | D:6      | 5266 ||| Stepping randomly (stuck).
  5267 | D:6      | 5267 ||| Stepping randomly (stuck).
  5268 | D:6      | 5268 ||| Stepping randomly (stuck).
  5269 | D:6      | 5269 ||| Stepping randomly (stuck).
  5270 | D:6      | 5270 ||| Stepping randomly (stuck).
  5271 | D:6      | 5271 ||| Stepping randomly (stuck).
  5272 | D:6      | 5272 ||| Stepping randomly (stuck).
  5273 | D:6      | 5273 ||| Stepping randomly (stuck).
  5274 | D:6      | 5274 ||| Stepping randomly (stuck).
  5275 | D:6      | 5275 ||| Stepping randomly (stuck).
  5276 | D:6      | 5276 ||| Stepping randomly (stuck).
  5277 | D:6      | 5277 ||| Stepping randomly (stuck).
  5278 | D:6      | 5278 ||| Stepping randomly (stuck).
  5279 | D:6      | 5279 ||| Stepping randomly (stuck).
  5280 | D:6      | 5280 ||| Stepping randomly (stuck).
  5281 | D:6      | 5281 ||| Stepping randomly (stuck).
  5282 | D:6      | 5282 ||| Stepping randomly (stuck).
  5283 | D:6      | 5283 ||| Stepping randomly (stuck).
  5284 | D:6      | 5284 ||| Stepping randomly (stuck).
  5285 | D:6      | 5285 ||| Stepping randomly (stuck).
  5286 | D:6      | 5286 ||| Stepping randomly (stuck).
  5287 | D:6      | 5287 ||| Stepping randomly (stuck).
  5288 | D:6      | 5288 ||| Stepping randomly (stuck).
  5289 | D:6      | 5289 ||| Stepping randomly (stuck).
  5290 | D:6      | 5290 ||| Stepping randomly (stuck).
  5291 | D:6      | 5291 ||| Stepping randomly (stuck).
  5292 | D:6      | 5292 ||| Stepping randomly (stuck).
  5293 | D:6      | 5293 ||| Stepping randomly (stuck).
  5294 | D:6      | 5294 ||| Stepping randomly (stuck).
  5295 | D:6      | 5295 ||| Stepping randomly (stuck).
  5296 | D:6      | 5296 ||| Stepping randomly (stuck).
  5297 | D:6      | 5297 ||| Stepping randomly (stuck).
  5298 | D:6      | 5298 ||| Stepping randomly (stuck).
  5299 | D:6      | 5299 ||| Stepping randomly (stuck).
  5300 | D:6      | 5300 ||| Stepping randomly (stuck).
  5301 | D:6      | 5301 ||| Stepping randomly (stuck).
  5302 | D:6      | 5302 ||| Stepping randomly (stuck).
  5303 | D:6      | 5303 ||| Stepping randomly (stuck).
  5304 | D:6      | 5304 ||| Stepping randomly (stuck).
  5305 | D:6      | 5305 ||| Stepping randomly (stuck).
  5306 | D:6      | 5306 ||| Stepping randomly (stuck).
  5307 | D:6      | 5307 ||| Stepping randomly (stuck).
  5308 | D:6      | 5308 ||| Stepping randomly (stuck).
  5309 | D:6      | 5309 ||| Stepping randomly (stuck).
  5310 | D:6      | 5310 ||| Stepping randomly (stuck).
  5311 | D:6      | 5311 ||| Stepping randomly (stuck).
  5312 | D:6      | 5312 ||| Stepping randomly (stuck).
  5313 | D:6      | 5313 ||| Stepping randomly (stuck).
  5314 | D:6      | 5314 ||| Stepping randomly (stuck).
  5315 | D:6      | 5315 ||| Stepping randomly (stuck).
  5316 | D:6      | 5316 ||| Stepping randomly (stuck).
  5317 | D:6      | 5317 ||| Stepping randomly (stuck).
  5318 | D:6      | 5318 ||| Stepping randomly (stuck).
  5319 | D:6      | 5319 ||| Stepping randomly (stuck).
  5320 | D:6      | 5320 ||| Stepping randomly (stuck).
  5321 | D:6      | 5321 ||| Stepping randomly (stuck).
  5322 | D:6      | 5322 ||| Stepping randomly (stuck).
  5323 | D:6      | 5323 ||| Stepping randomly (stuck).
  5324 | D:6      | 5324 ||| Stepping randomly (stuck).
  5325 | D:6      | 5325 ||| Stepping randomly (stuck).
  5326 | D:6      | 5326 ||| Stepping randomly (stuck).
  5327 | D:6      | 5327 ||| Stepping randomly (stuck).
  5328 | D:6      | 5328 ||| Stepping randomly (stuck).
  5329 | D:6      | 5329 ||| Stepping randomly (stuck).
  5330 | D:6      | 5330 ||| Stepping randomly (stuck).
  5331 | D:6      | 5331 ||| Stepping randomly (stuck).
  5332 | D:6      | 5332 ||| Stepping randomly (stuck).
  5333 | D:6      | 5333 ||| Stepping randomly (stuck).
  5334 | D:6      | 5334 ||| Stepping randomly (stuck).
  5335 | D:6      | 5335 ||| Stepping randomly (stuck).
  5336 | D:6      | 5336 ||| Stepping randomly (stuck).
  5337 | D:6      | 5337 ||| Stepping randomly (stuck).
  5338 | D:6      | 5338 ||| Stepping randomly (stuck).
  5339 | D:6      | 5339 ||| Stepping randomly (stuck).
  5340 | D:6      | 5340 ||| Stepping randomly (stuck).
  5341 | D:6      | 5341 ||| Stepping randomly (stuck).
  5342 | D:6      | 5342 ||| Stepping randomly (stuck).
  5343 | D:6      | 5343 ||| Stepping randomly (stuck).
  5344 | D:6      | 5344 ||| Stepping randomly (stuck).
  5345 | D:6      | 5345 ||| Stepping randomly (stuck).
  5346 | D:6      | 5346 ||| Stepping randomly (stuck).
  5347 | D:6      | 5347 ||| Stepping randomly (stuck).
  5348 | D:6      | 5348 ||| Stepping randomly (stuck).
  5349 | D:6      | 5349 ||| Stepping randomly (stuck).
  5350 | D:6      | 5350 ||| Stepping randomly (stuck).
  5351 | D:6      | 5351 ||| Stepping randomly (stuck).
  5352 | D:6      | 5352 ||| Stepping randomly (stuck).
  5353 | D:6      | 5353 ||| Stepping randomly (stuck).
  5354 | D:6      | 5354 ||| Stepping randomly (stuck).
  5355 | D:6      | 5355 ||| Stepping randomly (stuck).
  5356 | D:6      | 5356 ||| Stepping randomly (stuck).
  5357 | D:6      | 5357 ||| Stepping randomly (stuck).
  5358 | D:6      | 5358 ||| Stepping randomly (stuck).
  5359 | D:6      | 5359 ||| Stepping randomly (stuck).
  5360 | D:6      | 5360 ||| Stepping randomly (stuck).
  5361 | D:6      | 5361 ||| Stepping randomly (stuck).
  5362 | D:6      | 5362 ||| Stepping randomly (stuck).
  5363 | D:6      | 5363 ||| Stepping randomly (stuck).
  5364 | D:6      | 5364 ||| Stepping randomly (stuck).
  5365 | D:6      | 5365 ||| Stepping randomly (stuck).
  5366 | D:6      | 5366 ||| Stepping randomly (stuck).
  5367 | D:6      | 5367 ||| Stepping randomly (stuck).
  5368 | D:6      | 5368 ||| Stepping randomly (stuck).
  5369 | D:6      | 5369 ||| Stepping randomly (stuck).
  5370 | D:6      | 5370 ||| Stepping randomly (stuck).
  5371 | D:6      | 5371 ||| Stepping randomly (stuck).
  5372 | D:6      | 5372 ||| Stepping randomly (stuck).
  5373 | D:6      | 5373 ||| Stepping randomly (stuck).
  5374 | D:6      | 5374 ||| Stepping randomly (stuck).
  5375 | D:6      | 5375 ||| Stepping randomly (stuck).
  5376 | D:6      | 5376 ||| Stepping randomly (stuck).
  5377 | D:6      | 5377 ||| Stepping randomly (stuck).
  5378 | D:6      | 5378 ||| Stepping randomly (stuck).
  5379 | D:6      | 5379 ||| Stepping randomly (stuck).
  5380 | D:6      | 5380 ||| Stepping randomly (stuck).
  5381 | D:6      | 5381 ||| Stepping randomly (stuck).
  5382 | D:6      | 5382 ||| Stepping randomly (stuck).
  5383 | D:6      | 5383 ||| Stepping randomly (stuck).
  5384 | D:6      | 5384 ||| Stepping randomly (stuck).
  5385 | D:6      | 5385 ||| Stepping randomly (stuck).
  5386 | D:6      | 5386 ||| Stepping randomly (stuck).
  5387 | D:6      | 5387 ||| Stepping randomly (stuck).
  5388 | D:6      | 5388 ||| Stepping randomly (stuck).
  5389 | D:6      | 5389 ||| Stepping randomly (stuck).
  5390 | D:6      | 5390 ||| Stepping randomly (stuck).
  5391 | D:6      | 5391 ||| Stepping randomly (stuck).
  5392 | D:6      | 5392 ||| Stepping randomly (stuck).
  5393 | D:6      | 5393 ||| Stepping randomly (stuck).
  5394 | D:6      | 5394 ||| Stepping randomly (stuck).
  5395 | D:6      | 5395 ||| Stepping randomly (stuck).
  5396 | D:6      | 5396 ||| Stepping randomly (stuck).
  5397 | D:6      | 5397 ||| Stepping randomly (stuck).
  5398 | D:6      | 5398 ||| Stepping randomly (stuck).
  5399 | D:6      | 5399 ||| Stepping randomly (stuck).
  5400 | D:6      | 5400 ||| Stepping randomly (stuck).
  5401 | D:6      | 5401 ||| Stepping randomly (stuck).
  5402 | D:6      | 5402 ||| Stepping randomly (stuck).
  5403 | D:6      | 5403 ||| Stepping randomly (stuck).
  5404 | D:6      | 5404 ||| Stepping randomly (stuck).
  5405 | D:6      | 5405 ||| Stepping randomly (stuck).
  5406 | D:6      | 5406 ||| Stepping randomly (stuck).
  5407 | D:6      | 5407 ||| Stepping randomly (stuck).
  5408 | D:6      | 5408 ||| Stepping randomly (stuck).
  5409 | D:6      | 5409 ||| Stepping randomly (stuck).
  5410 | D:6      | 5410 ||| Stepping randomly (stuck).
  5411 | D:6      | 5411 ||| Stepping randomly (stuck).
  5412 | D:6      | 5412 ||| Stepping randomly (stuck).
  5413 | D:6      | 5413 ||| Stepping randomly (stuck).
  5414 | D:6      | 5414 ||| Stepping randomly (stuck).
  5415 | D:6      | 5415 ||| Stepping randomly (stuck).
  5416 | D:6      | 5416 ||| Stepping randomly (stuck).
  5417 | D:6      | 5417 ||| Stepping randomly (stuck).
  5418 | D:6      | 5418 ||| Stepping randomly (stuck).
  5419 | D:6      | 5419 ||| Stepping randomly (stuck).
  5420 | D:6      | 5420 ||| Stepping randomly (stuck).
  5421 | D:6      | 5421 ||| Stepping randomly (stuck).
  5422 | D:6      | 5422 ||| Stepping randomly (stuck).
  5423 | D:6      | 5423 ||| Stepping randomly (stuck).
  5424 | D:6      | 5424 ||| Stepping randomly (stuck).
  5425 | D:6      | 5425 ||| Stepping randomly (stuck).
  5426 | D:6      | 5426 ||| Stepping randomly (stuck).
  5427 | D:6      | 5427 ||| Stepping randomly (stuck).
  5428 | D:6      | 5428 ||| Stepping randomly (stuck).
  5429 | D:6      | 5429 ||| Stepping randomly (stuck).
  5430 | D:6      | 5430 ||| Stepping randomly (stuck).
  5431 | D:6      | 5431 ||| Stepping randomly (stuck).
  5432 | D:6      | 5432 ||| Stepping randomly (stuck).
  5433 | D:6      | 5433 ||| Stepping randomly (stuck).
  5434 | D:6      | 5434 ||| Stepping randomly (stuck).
  5435 | D:6      | 5435 ||| Stepping randomly (stuck).
  5436 | D:6      | 5436 ||| Stepping randomly (stuck).
  5437 | D:6      | 5437 ||| Stepping randomly (stuck).
  5438 | D:6      | 5438 ||| Stepping randomly (stuck).
  5439 | D:6      | 5439 ||| Stepping randomly (stuck).
  5440 | D:6      | 5440 ||| Stepping randomly (stuck).
  5441 | D:6      | 5441 ||| Stepping randomly (stuck).
  5442 | D:6      | 5442 ||| Stepping randomly (stuck).
  5443 | D:6      | 5443 ||| Stepping randomly (stuck).
  5444 | D:6      | 5444 ||| Stepping randomly (stuck).
  5445 | D:6      | 5445 ||| Stepping randomly (stuck).
  5446 | D:6      | 5446 ||| Stepping randomly (stuck).
  5447 | D:6      | 5447 ||| Stepping randomly (stuck).
  5448 | D:6      | 5448 ||| Stepping randomly (stuck).
  5449 | D:6      | 5449 ||| Stepping randomly (stuck).
  5450 | D:6      | 5450 ||| Stepping randomly (stuck).
  5451 | D:6      | 5451 ||| Stepping randomly (stuck).
  5452 | D:6      | 5452 ||| Stepping randomly (stuck).
  5453 | D:6      | 5453 ||| Stepping randomly (stuck).
  5454 | D:6      | 5454 ||| Stepping randomly (stuck).
  5455 | D:6      | 5455 ||| Stepping randomly (stuck).
  5456 | D:6      | 5456 ||| Stepping randomly (stuck).
  5457 | D:6      | 5457 ||| Stepping randomly (stuck).
  5458 | D:6      | 5458 ||| Stepping randomly (stuck).
  5459 | D:6      | 5459 ||| Stepping randomly (stuck).
  5460 | D:6      | 5460 ||| Stepping randomly (stuck).
  5461 | D:6      | 5461 ||| Stepping randomly (stuck).
  5462 | D:6      | 5462 ||| Stepping randomly (stuck).
  5463 | D:6      | 5463 ||| Stepping randomly (stuck).
  5464 | D:6      | 5464 ||| Stepping randomly (stuck).
  5465 | D:6      | 5465 ||| Stepping randomly (stuck).
  5466 | D:6      | 5466 ||| Stepping randomly (stuck).
  5467 | D:6      | 5467 ||| Stepping randomly (stuck).
  5468 | D:6      | 5468 ||| Stepping randomly (stuck).
  5469 | D:6      | 5469 ||| Stepping randomly (stuck).
  5470 | D:6      | 5470 ||| Stepping randomly (stuck).
  5471 | D:6      | 5471 ||| Stepping randomly (stuck).
  5472 | D:6      | 5472 ||| Stepping randomly (stuck).
  5473 | D:6      | 5473 ||| Stepping randomly (stuck).
  5474 | D:6      | 5474 ||| Stepping randomly (stuck).
  5475 | D:6      | 5475 ||| Stepping randomly (stuck).
  5476 | D:6      | 5476 ||| Stepping randomly (stuck).
  5477 | D:6      | 5477 ||| Stepping randomly (stuck).
  5478 | D:6      | 5478 ||| Stepping randomly (stuck).
  5479 | D:6      | 5479 ||| Stepping randomly (stuck).
  5480 | D:6      | 5480 ||| Stepping randomly (stuck).
  5481 | D:6      | 5481 ||| Stepping randomly (stuck).
  5482 | D:6      | 5482 ||| Stepping randomly (stuck).
  5483 | D:6      | 5483 ||| Stepping randomly (stuck).
  5484 | D:6      | 5484 ||| Stepping randomly (stuck).
  5485 | D:6      | 5485 ||| Stepping randomly (stuck).
  5486 | D:6      | 5486 ||| Stepping randomly (stuck).
  5487 | D:6      | 5487 ||| Stepping randomly (stuck).
  5488 | D:6      | 5488 ||| Stepping randomly (stuck).
  5489 | D:6      | 5489 ||| Stepping randomly (stuck).
  5490 | D:6      | 5490 ||| Stepping randomly (stuck).
  5491 | D:6      | 5491 ||| Stepping randomly (stuck).
  5492 | D:6      | 5492 ||| Stepping randomly (stuck).
  5493 | D:6      | 5493 ||| Stepping randomly (stuck).
  5494 | D:6      | 5494 ||| Stepping randomly (stuck).
  5495 | D:6      | 5495 ||| Stepping randomly (stuck).
  5496 | D:6      | 5496 ||| Stepping randomly (stuck).
  5497 | D:6      | 5497 ||| Stepping randomly (stuck).
  5498 | D:6      | 5498 ||| Stepping randomly (stuck).
  5499 | D:6      | 5499 ||| Stepping randomly (stuck).
  5500 | D:6      | 5500 ||| Stepping randomly (stuck).
  5501 | D:6      | 5501 ||| Stepping randomly (stuck).
  5502 | D:6      | 5502 ||| Stepping randomly (stuck).
  5503 | D:6      | 5503 ||| Stepping randomly (stuck).
  5504 | D:6      | 5504 ||| Stepping randomly (stuck).
  5505 | D:6      | 5505 ||| Stepping randomly (stuck).
  5506 | D:6      | 5506 ||| Stepping randomly (stuck).
  5507 | D:6      | 5507 ||| Stepping randomly (stuck).
  5508 | D:6      | 5508 ||| Stepping randomly (stuck).
  5509 | D:6      | 5509 ||| Stepping randomly (stuck).
  5510 | D:6      | 5510 ||| Stepping randomly (stuck).
  5511 | D:6      | 5511 ||| Stepping randomly (stuck).
  5512 | D:6      | 5512 ||| Stepping randomly (stuck).
  5513 | D:6      | 5513 ||| Stepping randomly (stuck).
  5514 | D:6      | 5514 ||| Stepping randomly (stuck).
  5515 | D:6      | 5515 ||| Stepping randomly (stuck).
  5516 | D:6      | 5516 ||| Stepping randomly (stuck).
  5517 | D:6      | 5517 ||| Stepping randomly (stuck).
  5518 | D:6      | 5518 ||| Stepping randomly (stuck).
  5519 | D:6      | 5519 ||| Stepping randomly (stuck).
  5520 | D:6      | 5520 ||| Stepping randomly (stuck).
  5521 | D:6      | 5521 ||| Stepping randomly (stuck).
  5522 | D:6      | 5522 ||| Stepping randomly (stuck).
  5523 | D:6      | 5523 ||| Stepping randomly (stuck).
  5524 | D:6      | 5524 ||| Stepping randomly (stuck).
  5525 | D:6      | 5525 ||| Stepping randomly (stuck).
  5526 | D:6      | 5526 ||| Stepping randomly (stuck).
  5527 | D:6      | 5527 ||| Stepping randomly (stuck).
  5528 | D:6      | 5528 ||| Stepping randomly (stuck).
  5529 | D:6      | 5529 ||| Stepping randomly (stuck).
  5530 | D:6      | 5530 ||| Stepping randomly (stuck).
  5531 | D:6      | 5531 ||| Stepping randomly (stuck).
  5532 | D:6      | 5532 ||| Stepping randomly (stuck).
  5533 | D:6      | 5533 ||| Stepping randomly (stuck).
  5534 | D:6      | 5534 ||| Stepping randomly (stuck).
  5535 | D:6      | 5535 ||| Stepping randomly (stuck).
  5536 | D:6      | 5536 ||| Stepping randomly (stuck).
  5537 | D:6      | 5537 ||| Stepping randomly (stuck).
  5538 | D:6      | 5538 ||| Stepping randomly (stuck).
  5539 | D:6      | 5539 ||| Stepping randomly (stuck).
  5540 | D:6      | 5540 ||| Stepping randomly (stuck).
  5541 | D:6      | 5541 ||| Stepping randomly (stuck).
  5542 | D:6      | 5542 ||| Stepping randomly (stuck).
  5543 | D:6      | 5543 ||| Stepping randomly (stuck).
  5544 | D:6      | 5544 ||| Stepping randomly (stuck).
  5545 | D:6      | 5545 ||| Stepping randomly (stuck).
  5546 | D:6      | 5546 ||| Stepping randomly (stuck).
  5547 | D:6      | 5547 ||| Stepping randomly (stuck).
  5548 | D:6      | 5548 ||| Stepping randomly (stuck).
  5549 | D:6      | 5549 ||| Stepping randomly (stuck).
  5550 | D:6      | 5550 ||| Stepping randomly (stuck).
  5551 | D:6      | 5551 ||| Stepping randomly (stuck).
  5552 | D:6      | 5552 ||| Stepping randomly (stuck).
  5553 | D:6      | 5553 ||| Stepping randomly (stuck).
  5554 | D:6      | 5554 ||| Stepping randomly (stuck).
  5555 | D:6      | 5555 ||| Stepping randomly (stuck).
  5556 | D:6      | 5556 ||| Stepping randomly (stuck).
  5557 | D:6      | 5557 ||| Stepping randomly (stuck).
  5558 | D:6      | 5558 ||| Stepping randomly (stuck).
  5559 | D:6      | 5559 ||| Stepping randomly (stuck).
  5560 | D:6      | 5560 ||| Stepping randomly (stuck).
  5561 | D:6      | 5561 ||| Stepping randomly (stuck).
  5562 | D:6      | 5562 ||| Stepping randomly (stuck).
  5563 | D:6      | 5563 ||| Stepping randomly (stuck).
  5564 | D:6      | 5564 ||| Stepping randomly (stuck).
  5565 | D:6      | 5565 ||| Stepping randomly (stuck).
  5566 | D:6      | 5566 ||| Stepping randomly (stuck).
  5567 | D:6      | 5567 ||| Stepping randomly (stuck).
  5568 | D:6      | 5568 ||| Stepping randomly (stuck).
  5569 | D:6      | 5569 ||| Stepping randomly (stuck).
  5570 | D:6      | 5570 ||| Stepping randomly (stuck).
  5571 | D:6      | 5571 ||| Stepping randomly (stuck).
  5572 | D:6      | 5572 ||| Stepping randomly (stuck).
  5573 | D:6      | 5573 ||| Stepping randomly (stuck).
  5574 | D:6      | 5574 ||| Stepping randomly (stuck).
  5575 | D:6      | 5575 ||| Stepping randomly (stuck).
  5576 | D:6      | 5576 ||| Stepping randomly (stuck).
  5577 | D:6      | 5577 ||| Stepping randomly (stuck).
  5578 | D:6      | 5578 ||| Stepping randomly (stuck).
  5579 | D:6      | 5579 ||| Stepping randomly (stuck).
  5580 | D:6      | 5580 ||| Stepping randomly (stuck).
  5581 | D:6      | 5581 ||| Stepping randomly (stuck).
  5582 | D:6      | 5582 ||| Stepping randomly (stuck).
  5583 | D:6      | 5583 ||| Stepping randomly (stuck).
  5584 | D:6      | 5584 ||| Stepping randomly (stuck).
  5585 | D:6      | 5585 ||| Stepping randomly (stuck).
  5586 | D:6      | 5586 ||| Stepping randomly (stuck).
  5587 | D:6      | 5587 ||| Stepping randomly (stuck).
  5588 | D:6      | 5588 ||| Stepping randomly (stuck).
  5589 | D:6      | 5589 ||| Stepping randomly (stuck).
  5590 | D:6      | 5590 ||| Stepping randomly (stuck).
  5591 | D:6      | 5591 ||| Stepping randomly (stuck).
  5592 | D:6      | 5592 ||| Stepping randomly (stuck).
  5593 | D:6      | 5593 ||| Stepping randomly (stuck).
  5594 | D:6      | 5594 ||| Stepping randomly (stuck).
  5595 | D:6      | 5595 ||| Stepping randomly (stuck).
  5596 | D:6      | 5596 ||| Stepping randomly (stuck).
  5597 | D:6      | 5597 ||| Stepping randomly (stuck).
  5598 | D:6      | 5598 ||| Stepping randomly (stuck).
  5599 | D:6      | 5599 ||| Stepping randomly (stuck).
  5600 | D:6      | 5600 ||| Stepping randomly (stuck).
  5601 | D:6      | 5601 ||| Stepping randomly (stuck).
  5602 | D:6      | 5602 ||| Stepping randomly (stuck).
  5603 | D:6      | 5603 ||| Stepping randomly (stuck).
  5604 | D:6      | 5604 ||| Stepping randomly (stuck).
  5605 | D:6      | 5605 ||| Stepping randomly (stuck).
  5606 | D:6      | 5606 ||| Stepping randomly (stuck).
  5607 | D:6      | 5607 ||| Stepping randomly (stuck).
  5608 | D:6      | 5608 ||| Stepping randomly (stuck).
  5609 | D:6      | 5609 ||| Stepping randomly (stuck).
  5610 | D:6      | 5610 ||| Stepping randomly (stuck).
  5611 | D:6      | 5611 ||| Stepping randomly (stuck).
  5612 | D:6      | 5612 ||| Stepping randomly (stuck).
  5613 | D:6      | 5613 ||| Stepping randomly (stuck).
  5614 | D:6      | 5614 ||| Stepping randomly (stuck).
  5615 | D:6      | 5615 ||| Stepping randomly (stuck).
  5616 | D:6      | 5616 ||| Stepping randomly (stuck).
  5617 | D:6      | 5617 ||| Stepping randomly (stuck).
  5618 | D:6      | 5618 ||| Stepping randomly (stuck).
  5619 | D:6      | 5619 ||| Stepping randomly (stuck).
  5620 | D:6      | 5620 ||| Stepping randomly (stuck).
  5621 | D:6      | 5621 ||| Stepping randomly (stuck).
  5622 | D:6      | 5622 ||| Stepping randomly (stuck).
  5623 | D:6      | 5623 ||| Stepping randomly (stuck).
  5624 | D:6      | 5624 ||| Stepping randomly (stuck).
  5625 | D:6      | 5625 ||| Stepping randomly (stuck).
  5626 | D:6      | 5626 ||| Stepping randomly (stuck).
  5627 | D:6      | 5627 ||| Stepping randomly (stuck).
  5628 | D:6      | 5628 ||| Stepping randomly (stuck).
  5629 | D:6      | 5629 ||| Stepping randomly (stuck).
  5630 | D:6      | 5630 ||| Stepping randomly (stuck).
  5631 | D:6      | 5631 ||| Stepping randomly (stuck).
  5632 | D:6      | 5632 ||| Stepping randomly (stuck).
  5633 | D:6      | 5633 ||| Stepping randomly (stuck).
  5634 | D:6      | 5634 ||| Stepping randomly (stuck).
  5635 | D:6      | 5635 ||| Stepping randomly (stuck).
  5636 | D:6      | 5636 ||| Stepping randomly (stuck).
  5637 | D:6      | 5637 ||| Stepping randomly (stuck).
  5638 | D:6      | 5638 ||| Stepping randomly (stuck).
  5639 | D:6      | 5639 ||| Stepping randomly (stuck).
  5640 | D:6      | 5640 ||| Stepping randomly (stuck).
  5641 | D:6      | 5641 ||| Stepping randomly (stuck).
  5642 | D:6      | 5642 ||| Stepping randomly (stuck).
  5643 | D:6      | 5643 ||| Stepping randomly (stuck).
  5644 | D:6      | 5644 ||| Stepping randomly (stuck).
  5645 | D:6      | 5645 ||| Stepping randomly (stuck).
  5646 | D:6      | 5646 ||| Stepping randomly (stuck).
  5647 | D:6      | 5647 ||| Stepping randomly (stuck).
  5648 | D:6      | 5648 ||| Stepping randomly (stuck).
  5649 | D:6      | 5649 ||| Stepping randomly (stuck).
  5650 | D:6      | 5650 ||| Stepping randomly (stuck).
  5651 | D:6      | 5651 ||| Stepping randomly (stuck).
  5652 | D:6      | 5652 ||| Stepping randomly (stuck).
  5653 | D:6      | 5653 ||| Stepping randomly (stuck).
  5654 | D:6      | 5654 ||| Stepping randomly (stuck).
  5655 | D:6      | 5655 ||| Stepping randomly (stuck).
  5656 | D:6      | 5656 ||| Stepping randomly (stuck).
  5657 | D:6      | 5657 ||| Stepping randomly (stuck).
  5658 | D:6      | 5658 ||| Stepping randomly (stuck).
  5659 | D:6      | 5659 ||| Stepping randomly (stuck).
  5660 | D:6      | 5660 ||| Stepping randomly (stuck).
  5661 | D:6      | 5661 ||| Stepping randomly (stuck).
  5662 | D:6      | 5662 ||| Stepping randomly (stuck).
  5663 | D:6      | 5663 ||| Stepping randomly (stuck).
  5664 | D:6      | 5664 ||| Stepping randomly (stuck).
  5665 | D:6      | 5665 ||| Stepping randomly (stuck).
  5666 | D:6      | 5666 ||| Stepping randomly (stuck).
  5667 | D:6      | 5667 ||| Stepping randomly (stuck).
  5668 | D:6      | 5668 ||| Stepping randomly (stuck).
  5669 | D:6      | 5669 ||| Stepping randomly (stuck).
  5670 | D:6      | 5670 ||| Stepping randomly (stuck).
  5671 | D:6      | 5671 ||| Stepping randomly (stuck).
  5672 | D:6      | 5672 ||| Stepping randomly (stuck).
  5673 | D:6      | 5673 ||| Stepping randomly (stuck).
  5674 | D:6      | 5674 ||| Stepping randomly (stuck).
  5675 | D:6      | 5675 ||| Stepping randomly (stuck).
  5676 | D:6      | 5676 ||| Stepping randomly (stuck).
  5677 | D:6      | 5677 ||| Stepping randomly (stuck).
  5678 | D:6      | 5678 ||| Stepping randomly (stuck).
  5679 | D:6      | 5679 ||| Stepping randomly (stuck).
  5680 | D:6      | 5680 ||| Stepping randomly (stuck).
  5681 | D:6      | 5681 ||| Stepping randomly (stuck).
  5682 | D:6      | 5682 ||| Stepping randomly (stuck).
  5683 | D:6      | 5683 ||| Stepping randomly (stuck).
  5684 | D:6      | 5684 ||| Stepping randomly (stuck).
  5685 | D:6      | 5685 ||| Stepping randomly (stuck).
  5686 | D:6      | 5686 ||| Stepping randomly (stuck).
  5687 | D:6      | 5687 ||| Stepping randomly (stuck).
  5688 | D:6      | 5688 ||| Stepping randomly (stuck).
  5689 | D:6      | 5689 ||| Stepping randomly (stuck).
  5690 | D:6      | 5690 ||| Stepping randomly (stuck).
  5691 | D:6      | 5691 ||| Stepping randomly (stuck).
  5692 | D:6      | 5692 ||| Stepping randomly (stuck).
  5693 | D:6      | 5693 ||| Stepping randomly (stuck).
  5694 | D:6      | 5694 ||| Stepping randomly (stuck).
  5695 | D:6      | 5695 ||| Stepping randomly (stuck).
  5696 | D:6      | 5696 ||| Stepping randomly (stuck).
  5697 | D:6      | 5697 ||| Stepping randomly (stuck).
  5698 | D:6      | 5698 ||| Stepping randomly (stuck).
  5699 | D:6      | 5699 ||| Stepping randomly (stuck).
  5700 | D:6      | 5700 ||| Stepping randomly (stuck).
  5701 | D:6      | 5701 ||| Stepping randomly (stuck).
  5702 | D:6      | 5702 ||| Stepping randomly (stuck).
  5703 | D:6      | 5703 ||| Stepping randomly (stuck).
  5704 | D:6      | 5704 ||| Stepping randomly (stuck).
  5705 | D:6      | 5705 ||| Stepping randomly (stuck).
  5706 | D:6      | 5706 ||| Stepping randomly (stuck).
  5707 | D:6      | 5707 ||| Stepping randomly (stuck).
  5708 | D:6      | 5708 ||| Stepping randomly (stuck).
  5709 | D:6      | 5709 ||| Stepping randomly (stuck).
  5710 | D:6      | 5710 ||| Stepping randomly (stuck).
  5711 | D:6      | 5711 ||| Stepping randomly (stuck).
  5712 | D:6      | 5712 ||| Stepping randomly (stuck).
  5713 | D:6      | 5713 ||| Stepping randomly (stuck).
  5714 | D:6      | 5714 ||| Stepping randomly (stuck).
  5715 | D:6      | 5715 ||| Stepping randomly (stuck).
  5716 | D:6      | 5716 ||| Stepping randomly (stuck).
  5717 | D:6      | 5717 ||| Stepping randomly (stuck).
  5718 | D:6      | 5718 ||| Stepping randomly (stuck).
  5719 | D:6      | 5719 ||| Stepping randomly (stuck).
  5720 | D:6      | 5720 ||| Stepping randomly (stuck).
  5721 | D:6      | 5721 ||| Stepping randomly (stuck).
  5722 | D:6      | 5722 ||| Stepping randomly (stuck).
  5723 | D:6      | 5723 ||| Stepping randomly (stuck).
  5724 | D:6      | 5724 ||| Stepping randomly (stuck).
  5725 | D:6      | 5725 ||| Stepping randomly (stuck).
  5726 | D:6      | 5726 ||| Stepping randomly (stuck).
  5727 | D:6      | 5727 ||| Stepping randomly (stuck).
  5728 | D:6      | 5728 ||| Stepping randomly (stuck).
  5729 | D:6      | 5729 ||| Stepping randomly (stuck).
  5730 | D:6      | 5730 ||| Stepping randomly (stuck).
  5731 | D:6      | 5731 ||| Stepping randomly (stuck).
  5732 | D:6      | 5732 ||| Stepping randomly (stuck).
  5733 | D:6      | 5733 ||| Stepping randomly (stuck).
  5734 | D:6      | 5734 ||| Stepping randomly (stuck).
  5735 | D:6      | 5735 ||| Stepping randomly (stuck).
  5736 | D:6      | 5736 ||| Stepping randomly (stuck).
  5737 | D:6      | 5737 ||| Stepping randomly (stuck).
  5738 | D:6      | 5738 ||| Stepping randomly (stuck).
  5739 | D:6      | 5739 ||| Stepping randomly (stuck).
  5740 | D:6      | 5740 ||| Stepping randomly (stuck).
  5741 | D:6      | 5741 ||| Stepping randomly (stuck).
  5742 | D:6      | 5742 ||| Stepping randomly (stuck).
  5743 | D:6      | 5743 ||| Stepping randomly (stuck).
  5744 | D:6      | 5744 ||| Stepping randomly (stuck).
  5745 | D:6      | 5745 ||| Stepping randomly (stuck).
  5746 | D:6      | 5746 ||| Stepping randomly (stuck).
  5747 | D:6      | 5747 ||| Stepping randomly (stuck).
  5748 | D:6      | 5748 ||| Stepping randomly (stuck).
  5749 | D:6      | 5749 ||| Stepping randomly (stuck).
  5750 | D:6      | 5750 ||| Stepping randomly (stuck).
  5751 | D:6      | 5751 ||| Stepping randomly (stuck).
  5752 | D:6      | 5752 ||| Stepping randomly (stuck).
  5753 | D:6      | 5753 ||| Stepping randomly (stuck).
  5754 | D:6      | 5754 ||| Stepping randomly (stuck).
  5755 | D:6      | 5755 ||| Stepping randomly (stuck).
  5756 | D:6      | 5756 ||| Stepping randomly (stuck).
  5757 | D:6      | 5757 ||| Stepping randomly (stuck).
  5758 | D:6      | 5758 ||| Stepping randomly (stuck).
  5759 | D:6      | 5759 ||| Stepping randomly (stuck).
  5760 | D:6      | 5760 ||| Stepping randomly (stuck).
  5761 | D:6      | 5761 ||| Stepping randomly (stuck).
  5762 | D:6      | 5762 ||| Stepping randomly (stuck).
  5763 | D:6      | 5763 ||| Stepping randomly (stuck).
  5764 | D:6      | 5764 ||| Stepping randomly (stuck).
  5765 | D:6      | 5765 ||| Stepping randomly (stuck).
  5766 | D:6      | 5766 ||| Stepping randomly (stuck).
  5767 | D:6      | 5767 ||| Stepping randomly (stuck).
  5768 | D:6      | 5768 ||| Stepping randomly (stuck).
  5769 | D:6      | 5769 ||| Stepping randomly (stuck).
  5770 | D:6      | 5770 ||| Stepping randomly (stuck).
  5771 | D:6      | 5771 ||| Stepping randomly (stuck).
  5772 | D:6      | 5772 ||| Stepping randomly (stuck).
  5773 | D:6      | 5773 ||| Stepping randomly (stuck).
  5774 | D:6      | 5774 ||| Stepping randomly (stuck).
  5775 | D:6      | 5775 ||| Stepping randomly (stuck).
  5776 | D:6      | 5776 ||| Stepping randomly (stuck).
  5777 | D:6      | 5777 ||| Stepping randomly (stuck).
  5778 | D:6      | 5778 ||| Stepping randomly (stuck).
  5779 | D:6      | 5779 ||| Stepping randomly (stuck).
  5780 | D:6      | 5780 ||| Stepping randomly (stuck).
  5781 | D:6      | 5781 ||| Stepping randomly (stuck).
  5782 | D:6      | 5782 ||| Stepping randomly (stuck).
  5783 | D:6      | 5783 ||| Stepping randomly (stuck).
  5784 | D:6      | 5784 ||| Stepping randomly (stuck).
  5785 | D:6      | 5785 ||| Stepping randomly (stuck).
  5786 | D:6      | 5786 ||| Stepping randomly (stuck).
  5787 | D:6      | 5787 ||| Stepping randomly (stuck).
  5788 | D:6      | 5788 ||| Stepping randomly (stuck).
  5789 | D:6      | 5789 ||| Stepping randomly (stuck).
  5790 | D:6      | 5790 ||| Stepping randomly (stuck).
  5791 | D:6      | 5791 ||| Stepping randomly (stuck).
  5792 | D:6      | 5792 ||| Stepping randomly (stuck).
  5793 | D:6      | 5793 ||| Stepping randomly (stuck).
  5794 | D:6      | 5794 ||| Stepping randomly (stuck).
  5795 | D:6      | 5795 ||| Stepping randomly (stuck).
  5796 | D:6      | 5796 ||| Stepping randomly (stuck).
  5797 | D:6      | 5797 ||| Stepping randomly (stuck).
  5798 | D:6      | 5798 ||| Stepping randomly (stuck).
  5799 | D:6      | 5799 ||| Stepping randomly (stuck).
  5800 | D:6      | 5800 ||| Stepping randomly (stuck).
  5801 | D:6      | 5801 ||| Stepping randomly (stuck).
  5802 | D:6      | 5802 ||| Stepping randomly (stuck).
  5803 | D:6      | 5803 ||| Stepping randomly (stuck).
  5804 | D:6      | 5804 ||| Stepping randomly (stuck).
  5805 | D:6      | 5805 ||| Stepping randomly (stuck).
  5806 | D:6      | 5806 ||| Stepping randomly (stuck).
  5807 | D:6      | 5807 ||| Stepping randomly (stuck).
  5808 | D:6      | 5808 ||| Stepping randomly (stuck).
  5809 | D:6      | 5809 ||| Stepping randomly (stuck).
  5810 | D:6      | 5810 ||| Stepping randomly (stuck).
  5811 | D:6      | 5811 ||| Stepping randomly (stuck).
  5812 | D:6      | 5812 ||| Stepping randomly (stuck).
  5813 | D:6      | 5813 ||| Stepping randomly (stuck).
  5814 | D:6      | 5814 ||| Stepping randomly (stuck).
  5815 | D:6      | 5815 ||| Stepping randomly (stuck).
  5816 | D:6      | 5816 ||| Stepping randomly (stuck).
  5817 | D:6      | 5817 ||| Stepping randomly (stuck).
  5818 | D:6      | 5818 ||| Stepping randomly (stuck).
  5819 | D:6      | 5819 ||| Stepping randomly (stuck).
  5820 | D:6      | 5820 ||| Stepping randomly (stuck).
  5821 | D:6      | 5821 ||| Stepping randomly (stuck).
  5822 | D:6      | 5822 ||| Stepping randomly (stuck).
  5823 | D:6      | 5823 ||| Stepping randomly (stuck).
  5824 | D:6      | 5824 ||| Stepping randomly (stuck).
  5825 | D:6      | 5825 ||| Stepping randomly (stuck).
  5826 | D:6      | 5826 ||| Stepping randomly (stuck).
  5827 | D:6      | 5827 ||| Stepping randomly (stuck).
  5828 | D:6      | 5828 ||| Stepping randomly (stuck).
  5829 | D:6      | 5829 ||| Stepping randomly (stuck).
  5830 | D:6      | 5830 ||| Stepping randomly (stuck).
  5831 | D:6      | 5831 ||| Stepping randomly (stuck).
  5832 | D:6      | 5832 ||| Stepping randomly (stuck).
  5833 | D:6      | 5833 ||| Stepping randomly (stuck).
  5834 | D:6      | 5834 ||| Stepping randomly (stuck).
  5835 | D:6      | 5835 ||| Stepping randomly (stuck).
  5836 | D:6      | 5836 ||| Stepping randomly (stuck).
  5837 | D:6      | 5837 ||| Stepping randomly (stuck).
  5838 | D:6      | 5838 ||| Stepping randomly (stuck).
  5839 | D:6      | 5839 ||| Stepping randomly (stuck).
  5840 | D:6      | 5840 ||| Stepping randomly (stuck).
  5841 | D:6      | 5841 ||| Stepping randomly (stuck).
  5842 | D:6      | 5842 ||| Stepping randomly (stuck).
  5843 | D:6      | 5843 ||| Stepping randomly (stuck).
  5844 | D:6      | 5844 ||| Stepping randomly (stuck).
  5845 | D:6      | 5845 ||| Stepping randomly (stuck).
  5846 | D:6      | 5846 ||| Stepping randomly (stuck).
  5847 | D:6      | 5847 ||| Stepping randomly (stuck).
  5848 | D:6      | 5848 ||| Stepping randomly (stuck).
  5849 | D:6      | 5849 ||| Stepping randomly (stuck).
  5850 | D:6      | 5850 ||| Stepping randomly (stuck).
  5851 | D:6      | 5851 ||| Stepping randomly (stuck).
  5852 | D:6      | 5852 ||| Stepping randomly (stuck).
  5853 | D:6      | 5853 ||| Stepping randomly (stuck).
  5854 | D:6      | 5854 ||| Stepping randomly (stuck).
  5855 | D:6      | 5855 ||| Stepping randomly (stuck).
  5856 | D:6      | 5856 ||| Stepping randomly (stuck).
  5857 | D:6      | 5857 ||| Stepping randomly (stuck).
  5858 | D:6      | 5858 ||| Stepping randomly (stuck).
  5859 | D:6      | 5859 ||| Stepping randomly (stuck).
  5860 | D:6      | 5860 ||| Stepping randomly (stuck).
  5861 | D:6      | 5861 ||| Stepping randomly (stuck).
  5862 | D:6      | 5862 ||| Stepping randomly (stuck).
  5863 | D:6      | 5863 ||| Stepping randomly (stuck).
  5864 | D:6      | 5864 ||| Stepping randomly (stuck).
  5865 | D:6      | 5865 ||| Stepping randomly (stuck).
  5866 | D:6      | 5866 ||| Stepping randomly (stuck).
  5867 | D:6      | 5867 ||| Stepping randomly (stuck).
  5868 | D:6      | 5868 ||| Stepping randomly (stuck).
  5869 | D:6      | 5869 ||| Stepping randomly (stuck).
  5870 | D:6      | 5870 ||| Stepping randomly (stuck).
  5871 | D:6      | 5871 ||| Stepping randomly (stuck).
  5872 | D:6      | 5872 ||| Stepping randomly (stuck).
  5873 | D:6      | 5873 ||| Stepping randomly (stuck).
  5874 | D:6      | 5874 ||| Stepping randomly (stuck).
  5875 | D:6      | 5875 ||| Stepping randomly (stuck).
  5876 | D:6      | 5876 ||| Stepping randomly (stuck).
  5877 | D:6      | 5877 ||| Stepping randomly (stuck).
  5878 | D:6      | 5878 ||| Stepping randomly (stuck).
  5879 | D:6      | 5879 ||| Stepping randomly (stuck).
  5880 | D:6      | 5880 ||| Stepping randomly (stuck).
  5881 | D:6      | 5881 ||| Stepping randomly (stuck).
  5882 | D:6      | 5882 ||| Stepping randomly (stuck).
  5883 | D:6      | 5883 ||| Stepping randomly (stuck).
  5884 | D:6      | 5884 ||| Stepping randomly (stuck).
  5885 | D:6      | 5885 ||| Stepping randomly (stuck).
  5886 | D:6      | 5886 ||| Stepping randomly (stuck).
  5887 | D:6      | 5887 ||| Stepping randomly (stuck).
  5888 | D:6      | 5888 ||| Stepping randomly (stuck).
  5889 | D:6      | 5889 ||| Stepping randomly (stuck).
  5890 | D:6      | 5890 ||| Stepping randomly (stuck).
  5891 | D:6      | 5891 ||| Stepping randomly (stuck).
  5892 | D:6      | 5892 ||| Stepping randomly (stuck).
  5893 | D:6      | 5893 ||| Stepping randomly (stuck).
  5894 | D:6      | 5894 ||| Stepping randomly (stuck).
  5895 | D:6      | 5895 ||| Stepping randomly (stuck).
  5896 | D:6      | 5896 ||| Stepping randomly (stuck).
  5897 | D:6      | 5897 ||| Stepping randomly (stuck).
  5898 | D:6      | 5898 ||| Stepping randomly (stuck).
  5899 | D:6      | 5899 ||| Stepping randomly (stuck).
  5900 | D:6      | 5900 ||| Stepping randomly (stuck).
  5901 | D:6      | 5901 ||| Stepping randomly (stuck).
  5902 | D:6      | 5902 ||| Stepping randomly (stuck).
  5903 | D:6      | 5903 ||| Stepping randomly (stuck).
  5904 | D:6      | 5904 ||| Stepping randomly (stuck).
  5905 | D:6      | 5905 ||| Stepping randomly (stuck).
  5906 | D:6      | 5906 ||| Stepping randomly (stuck).
  5907 | D:6      | Quit the game

Levels and vault maps discovered:
D:1:      beargit_arrival_greenhouse, layout_rooms, minmay_hexomino_p4
D:2:      layout_basic, dilly_ecumenical_altar_fadedgnrine, minmay_lizard_king
D:3:      layout_loops_ring, grunt_dithmenos_smoke, serial_park_tiny_1,
          uniq_robin, uniq_pargi, uniq_ijyb
D:4:      minmay_spotlight, layout_cave_pods
D:5:      layout_cave_pools, uniq_menkaure
D:6:      layout_cave_pods, gup_sewer_entry_bubbles, gammafunk_ghost_grave

Skill      XL: |  1  2  3  4  5  6  7  8 |
---------------+-------------------------+-----
Axes           | 2 3 5 6 8 |  8.0
Armour         | 4 6 |  6.2
Fighting       | 4 5 |  5.0
Throwing       | 1 |  1.2
Shields        | |  3.2

Action                     |  1- 3 |  4- 6 |  7- 9 || total
---------------------------+-------+-------+-------++-------
  Melee: War axe           |   149 |   102 |   118 ||   369
  Throw: Boomerang         |       |    21 |    31 ||    52
    Use: Scroll            |     7 |    10 |     6 ||    23
 Armour: Scale mail        |    39 |       |       ||    39
         Crystal plate arm |    81 |    87 |   129 ||   297
  Dodge: Dodged            |    37 |    12 |    14 ||    63
  Block: Buckler           |    32 |    17 |    13 ||    62

Table legend:
 A = Non-vault XP
 B = Vault XP
 C = Vault XP percentage of total XP
 D = Non-vault monster count
 E = Vault monster count
 F = Vault count percentage of total count
                 A         B        C        D         E       F
            +---------+---------+-------+---------+---------+-------
      Total |    1621 |     436 |  21.2 |     107 |      30 |  21.9
            +---------+---------+-------+---------+---------+-------
        D:1 |      43 |       1 |   2.3 |      25 |       1 |   3.8
        D:2 |      55 |       6 |   9.8 |      24 |       6 |  20.0
        D:3 |      48 |     212 |  81.5 |       7 |      13 |  65.0
        D:4 |     289 |       1 |   0.3 |      24 |       1 |   4.0
        D:5 |     468 |     175 |  27.2 |      19 |       1 |   5.0
        D:6 |     718 |      41 |   5.4 |       8 |       8 |  50.0
            +---------+---------+-------+---------+---------+-------
